 Dungeon Crawl Stone Soup version 0.30-a0-782-ge64f9170bb (webtiles) character file.

Game seed: 11194139965309549167

6421 Leeroy the Carver (level 10, -3/83 HPs)
             Began as a Merfolk Gladiator on Feb 21, 2023.
             Was a Follower of Wu Jian.
             Succumbed to a water moccasin's poison
             ... on level 9 of the Dungeon.
             The game lasted 00:20:38 (8689 turns).

Leeroy the Carver (Merfolk Gladiator)               Turns: 8689, Time: 00:20:39

Health: -3/83      AC:  6    Str: 16    XL:     10   Next: 98%
Magic:  13/13      EV: 16    Int: 13    God:    Wu Jian [*.....]
Gold:   150        SH:  0    Dex: 19    Spells: 4/13 levels left

rFire   . . .      SeeInvis .    z - +6 falchion (elec)
rCold   + . .      Faith    .    (no shield)
rNeg    . . .      Spirit   .    t - +0 troll leather armour {Pargi}
rPois   .          Reflect  .    c - +0 helmet
rElec   .          Harm     .    V - +0 cloak
rCorr   .          Rampage  .    (no gloves)
Will    .....                    (no boots)
Stlth   +                        (no amulet)
HPRegen 1.13/turn                w - +6 ring of intelligence
MPRegen 0.13/turn                x - ring of protection from cold

@: lethally poisoned (-3 -> -20), slowed, very slow
A: (nimble swimmer 2), mertail
a: Renounce Religion


You were on level 9 of the Dungeon.
You worshipped Wu Jian.
Wu Jian was aware of your devotion.
You visited 2 branches of the dungeon, and saw 10 of its levels.
You also visited: Sewer.

You collected 485 gold pieces.
You spent 335 gold pieces at shops.

Inventory:

Hand Weapons
 a - a +0 long sword of electrocution
 z - a +6 falchion of electrocution (weapon)
 I - a +0 short sword of holy wrath
 K - a +0 dagger of venom
 L - a +4 dagger
 N - a +0 rapier
 O - a +2 vampiric short sword
 U - a +3 dagger of venom
Missiles
 d - 4 throwing nets
 e - a javelin
 i - 65 poisoned darts
 k - 7 boomerangs
 H - 6 atropa-tipped darts
Armour
 b - a +0 leather armour
 c - a +0 helmet (worn)
 t - a +0 troll leather armour (worn) {Pargi}
 V - a +0 cloak (worn)
Jewellery
 w - a +6 ring of intelligence (left hand)
 x - a ring of protection from cold (right hand)
 y - a ring of positive energy
 A - a ring of see invisible
 G - a ring of ice
 J - a ring of ice
 S - a ring of flight
Wands
 u - a wand of polymorph (5)
 D - a wand of light (10) (quivered)
 E - a wand of iceblast (7)
 M - a wand of charming (8)
 T - a wand of flame (10)
Scrolls
 f - 2 scrolls of poison
 g - 8 scrolls of teleportation
 o - 5 scrolls of fog
 p - a scroll of enchant weapon
 q - a scroll of magic mapping {unknown}
 r - 2 scrolls of immolation
 s - a scroll of fear
 F - a scroll of torment {unknown}
 P - a scroll of acquirement {unknown}
 Q - 3 scrolls of brand weapon
 R - a scroll of amnesia {unknown}
 W - a scroll of blinking {unknown}
Potions
 h - 2 potions of curing {unknown}
 j - 2 potions of attraction {unknown}
 l - a potion of might
 m - a potion of flight {unknown}
 n - 2 potions of haste {unknown}
 v - 4 potions of brilliance {unknown}
 B - a potion of lignification {unknown}
 C - a potion of magic {unknown}


   Skills:
 - Level 9.4 Fighting
 - Level 14.2 Long Blades
 - Level 2.0 Throwing
 - Level 7.1 Dodging
 * Level 2.2 Spellcasting
 * Level 3.6 Hexes
 * Level 4.9 Transmutations


You had 4 spell levels left.
You knew the following spells:

 Your Spells              Type           Power      Damage    Failure   Level
a - Yara's Violent Unrav  Hex/Tmut       6%         3d5       82%         5
b - Cause Fear            Hex            5%         N/A       56%         4

Your spell library contained the following spells:

 Spells                   Type           Power      Damage    Failure   Level
 Confusing Touch          Hex            10%        N/A       21%         3
 Freeze                   Ice            4%         1d3       30%         1
 Kiss of Death            Conj/Necr      4%         2d5       30%         1
 Inner Flame              Hex/Fire       6%         N/A       41%         3
 Frozen Ramparts          Ice            2%         1d1       67%         3
 Hailstorm                Conj/Ice       1%         3d3       67%         3
 Dispel Undead            Necr           1%         3d6       97%         4
 Fireball                 Conj/Fire      0%         3d3       100%        5
 Iskenderun's Battlesphe  Conj           1%         2d6       100%        5
 Conjure Ball Lightning   Conj/Air       0%         3x3d6     100%        6
 Enfeeble                 Hex            5%         N/A       100%        7
 Orb of Destruction       Conj           0%         9d5       100%        7
 Discord                  Hex            5%         N/A       100%        8


Dungeon Overview and Level Annotations

Branches:
Dungeon (9/15)             Temple (1/1) D:7           Sewer (visited)
   Lair: D:8-11         Orc: D:9-12

Altars:
Ashenzari
Cheibriados
Dithmenos
Elyvilon
Fedhas
Gozag
Hepliaklqana
Kikubaaqudgha
Makhleb
Nemelex Xobeh
Okawaru
Qazlal
Ru
Sif Muna
Trog
Uskayaw
Vehumet
Wu Jian
Xom
Yredelemnul
Zin
The Shining One

Shops:
D:1 ?   D:7 *

Portals:
Abyss: D:6

Annotations:
D:5 3 runed translucent doors, Anon1729's ghost, amateur DgFE
D:6 2 transporters, Leeroy's ghost, novice VSWr


Innate Abilities, Weirdness & Mutations

((You are very nimble when in or above water. (Stealth+, EV+, Speed+++)))
Your lower body shifts to a powerful aquatic tail in water.


Message History

The hornet stings you but does no damage.
The hornet misses you.
An orc warrior comes into view. It is wielding a +0 long sword.
You spin and attack the hornet.
You hit the hornet.
The hornet is lightly wounded.
The hornet stings you!
You feel yourself slow down. The hornet misses you.
The hornet stings you but does no damage.
You see here 21 gold pieces.
You hit the hornet.
The hornet is moderately wounded.
The hornet barely misses you. The hornet stings you.
You suddenly lose the ability to move!
The hornet stings you!
You feel as though you will be slow longer.
The hornet stings you but does no damage. x2
The hornet stings you.
You feel as though you will be slow longer.
The hornet stings you!
You shrug off the repeated paralysis!
The hornet stings you!
You feel as though you will be slow longer.
The hornet stings you!
You are poisoned.
You feel as though you will be slow longer.
The hornet stings you!
* * * LOW HITPOINT WARNING * * *
You feel as though you will be slow longer.
The water moccasin bites you.
* * * LOW HITPOINT WARNING * * *
You are lethally poisoned!
The water moccasin poisons you! The hornet stings you!
* * * LOW HITPOINT WARNING * * *
You feel as though you will be slow longer.
The hornet barely misses you.
You can move again.
As you read the scroll of fear, it crumbles to dust.
You assume a fearsome visage.
The orc priest looks frightened!
The orc looks frightened!
The orc wizard looks frightened!
The orc looks frightened!
The hornet looks frightened!
The water moccasin looks frightened!
The hornet looks frightened!
You die...

#......# #......# #......#
.o.. #......# .oo.
#......# ## ## ...o
#......# #... ..# .
##......####.#######o.##!.
...............).S........
#########.......@yo...# #
#.......y..o..# ....
#...$.........# ####
#......!.....o...o
#............####.
#......^?...##
########...## #...# #...#


You could see 2 hornets, a water moccasin (fleeing), an orc priest (fleeing), an
orc wizard (fleeing) and 2 orcs.

Vanquished Creatures
  A boulder beetle (D:8)
  Pikel (D:7)
  Maurice (D:8)
  Grinder (D:5)
  A wraith (D:8)
  9 yaks
  Grum (D:8)
  A steam dragon (D:6)
  Duvessa (D:4)
  A water moccasin (D:8)
  Pargi (Sewer)
  2 ice beasts
  A black bear (D:6)
  A centaur (D:6)
  4 wolves (D:8)
  2 lemures (D:7)
  A phantom (D:6)
  3 kobold brigands
  3 bullfrogs (D:8)
  A necrophage (D:7)
  A water moccasin zombie (D:5)
  4 scorpions
  5 wights
  Dowan (D:4)
  6 killer bees
  A howler monkey (D:8)
  3 hounds
  3 jellies
  An orc priest (D:6)
  A gnoll bouda (D:8)
  Terence (D:3)
  2 iguanas
  5 orc wizards
  A scorpion zombie (D:5)
  3 gnolls (D:8)
  2 river rats (D:3)
  7 adders
  A white imp (D:6)
  2 worms
  3 dart slugs
  32 orcs
  5 endoplasms
  5 giant cockroaches
  7 goblins
  7 hobgoblins
  10 jackals
  26 kobolds
  3 quokkas
  9 ball pythons
  5 bats
  3 frilled lizards
  12 rats
214 creatures vanquished.

Vanquished Creatures (others)
  4 toadstools (D:1)
4 creatures vanquished.

Grand Total: 218 creatures vanquished

Notes
Turn   | Place    | Note
-------+----------+-------------------------------------------
     0 | D:1      | Leeroy the Merfolk Gladiator began the quest for the Orb.
     0 | D:1      | Reached XP level 1. HP: 16/16 MP: 1/1
   111 | D:1      | Reached skill level 4 in Long Blades
   430 | D:1      | Found a faded altar of an unknown god.
   459 | D:1      | Reached XP level 2. HP: 21/22 MP: 2/2
   767 | D:1      | Found Kofesoc's Magic Scroll Shoppe.
   916 | D:1      | Bought a scroll of identify for 22 gold pieces
  1108 | D:2      | Reached skill level 5 in Long Blades
  1108 | D:2      | Reached XP level 3. HP: 16/27 MP: 3/3
  1211 | D:2      | Found an iron altar of Okawaru.
  1524 | D:2      | Reached XP level 4. HP: 30/33 MP: 4/4
  1889 | D:2      | Reached skill level 6 in Long Blades
  2136 | D:3      | Found a burning altar of Makhleb.
  2212 | D:3      | Found a glowing drain.
  2303 | Sewer    | Entered a sewer
  2391 | Sewer    | Noticed Pargi
  2446 | Sewer    | Killed Pargi
  2447 | Sewer    | Reached skill level 5 in Dodging
  2447 | Sewer    | Reached XP level 5. HP: 33/38 MP: 5/5
  2624 | D:3      | Noticed Terence
  2689 | D:3      | Reached XP level 6. HP: 44/44 MP: 6/6
  2692 | D:3      | Found a shadowy altar of Dithmenos.
  3501 | D:3      | Killed Terence
  3559 | D:3      | Reached skill level 7 in Long Blades
  3586 | D:3      | Learned a level 5 spell: Yara's Violent Unravelling
  3612 | D:4      | Found a stormy altar of Qazlal.
  3612 | D:4      | Noticed Duvessa
  3623 | D:5      | Entered Level 5 of the Dungeon
  3888 | D:5      | Reached XP level 7. HP: 43/50 MP: 7/7
  3900 | D:5      | You fall into a shaft and drop 1 floor!
  3914 | D:6      | Reached skill level 8 in Long Blades
  3949 | D:6      | Noticed a neqoxec
  3967 | D:6      | Noticed an ancient zyme
  4201 | D:6      | Reached skill level 9 in Long Blades
  4214 | D:6      | Found a transporter.
  4230 | D:6      | Found a transporter.
  4363 | D:6      | Noticed a steam dragon
  4366 | D:6      | Killed a steam dragon
  4367 | D:6      | Reached skill level 10 in Long Blades
  4367 | D:6      | Reached XP level 8. HP: 55/56 MP: 8/8
  4563 | D:6      | Found a one-way gate to the infinite horrors of the Abyss.
  4571 | D:6      | Noticed Leeroy's ghost (novice VSWr)
  4759 | D:6      | Reached skill level 11 in Long Blades
  4954 | D:7      | Reached skill level 12 in Long Blades
  5138 | D:7      | Reached XP level 9. HP: 30/61 MP: 9/9
  5311 | D:7      | Found a staircase to the Ecumenical Temple.
  5336 | Temple   | Entered the Ecumenical Temple
  5376 | Temple   | Became a worshipper of the Wu Jian Council
  5400 | D:7      | Reached skill level 13 in Long Blades
  5504 | D:7      | Found a sacrificial altar of Ru.
  5664 | D:7      | Found Epereq's General Store.
  5736 | D:7      | Noticed Pikel
  5748 | D:7      | Killed Pikel
  5749 | D:7      | Reached skill level 14 in Long Blades
  6122 | D:5      | Found a runed translucent gate.
  6122 | D:5      | Found a runed translucent gate.
  6122 | D:5      | Found a runed translucent gate.
  6122 | D:5      | Noticed Anon1729's ghost (amateur DgFE)
  6124 | D:5      | Found a basalt altar of Yredelemnul.
  6662 | D:4      | Found an ancient bone altar of Kikubaaqudgha.
  6703 | D:4      | Noticed Dowan
  6803 | D:1      | Bought 3 scrolls of brand weapon for 313 gold pieces
  6853 | D:4      | Found a shimmering altar of Xom.
  6855 | D:4      | Found a shimmering altar of Xom.
  6856 | D:4      | Found a shimmering altar of Xom.
  6945 | D:4      | Noticed Grinder
  6949 | D:4      | Paralysed by Grinder for 2 turns
  6983 | D:5      | Killed Grinder
  7005 | D:4      | Killed Duvessa
  7006 | D:4      | Reached skill level 5 in Fighting
  7128 | D:4      | Killed Dowan
  7409 | D:8      | Noticed Maurice
  7424 | D:8      | Killed Maurice
  7425 | D:8      | Reached XP level 10. HP: 50/79 MP: 10/10
  7598 | D:8      | Noticed Grum
  7606 | D:8      | Reached * piety under Wu Jian
  7624 | D:8      | Killed Grum
  7697 | D:8      | Identified the +0 leather armour "Mugahe" {Int+3}
  7971 | D:8      | Noticed a boulder beetle
  7971 | D:8      | Noticed a boulder beetle
  7973 | D:8      | Noticed a seven-headed hydra
  8088 | D:8      | Reached skill level 1 in Transmutations
  8155 | D:8      | Killed a boulder beetle
  8210 | D:9      | Noticed a brown ugly thing
  8585 | D:8      | Reached skill level 1 in Spellcasting
  8640 | D:9      | Learned a level 4 spell: Cause Fear
  8685 | D:9      | Paralysed by a hornet for 3 turns
  8689 | D:9      | Succumbed to a water moccasin's poison

Illustrated notes

Levels and vault maps discovered:
D:1:      ldierk_walled_garden_2, layout_loops_corners, serial_shops,
          nicolae_shop_statue_plus, shapermc_ecumenical_altar_totnotflames,
          chequers_serial_rivers_micro_e, columned_hall_lemuel
D:2:      layout_rooms, basic_altar, minmay_misc_feat_cross
D:3:      layout_basic, nicolae_dithmenos_through_a_glass_darkly,
          bloody_makhleb, portal_sewer_entry_a, minivault_27,
          kennysheep_generic_room_13, uniq_terence
D:4:      layout_rooms, mainiacjoe_overflow_catch_the_wave, xom_redecorated,
          uniq_grinder, uniq_duvessa
D:5:      layout_basic, nicolae_yredelemnul_ghost_church
D:6:      layout_basic, gammafunk_ghost_abyssal_escape
D:7:      layout_layer_cave, mainiacjoe_overflow_alcove_1, temple_pool_b,
          serial_shops, nicolae_shop_advertising_works
          [nicolae_subvault_shop_adworks], uniq_pikel
D:8:      minmay_blocky_corners, layout_loops_ring, uniq_grum, uniq_maurice
D:9:      layout_basic, orc_0_dummy, gammafunk_ghost_wrathful_warriors,
          uniq_erolcha
Temple:   hellmonk_temple_of_storms

Skill      XL: |  1  2  3  4  5  6  7  8  9 10 |
---------------+-------------------------------+-----
Long Blades    | 4 5 6 7 10 12 14 | 14.2
Dodging        | 5 6 7 |  7.1
Fighting       | 7 9 |  9.4
Transmutations | 4 |  4.9
Hexes          | 3 |  3.6
Spellcasting   | 2 |  2.2
Throwing       | |  2.0

Action                     |  1- 3 |  4- 6 |  7- 9 | 10-12 || total
---------------------------+-------+-------+-------+-------++-------
  Melee: Long sword        |   119 |   173 |       |       ||   292
         Punch             |     1 |     4 |     7 |     4 ||    16
         Tailslap          |       |     1 |     1 |       ||     2
         Falchion          |       |    28 |   216 |   169 ||   413
         Short sword       |       |       |    52 |       ||    52
  Throw: Dart              |       |     5 |     1 |       ||     6
         Throwing net      |       |     2 |       |       ||     2
Ability: Lunge             |       |       |    10 |    10 ||    20
         Whirlwind         |       |       |       |     8 ||     8
  Evoke: Wand              |       |       |     3 |     2 ||     5
    Use: Scroll            |     1 |     5 |     2 |     3 ||    11
   Stab: Held in net/web   |       |     1 |       |       ||     1
         Sleeping          |       |     1 |     1 |       ||     2
         Invisible         |       |       |     3 |       ||     3
 Armour: Leather armour    |    34 |    25 |       |       ||    59
         Troll leather arm |       |    29 |    40 |    31 ||   100
  Dodge: Dodged            |   102 |   192 |   188 |   131 ||   613

Table legend: (Time is in decaauts)
 A = Elapsed time spent in this place.
 B = Non-inter-level travel time spent in this place.
 C = Inter-level travel time spent in this place.
 D = Time resting spent in this place.
 E = Time spent auto-exploring this place.
 F = Levels seen in this place.
 G = Mean time per level.
                   A        B        C        D        E       F      G
               +--------+--------+--------+--------+--------+-----+--------+
         Total |   8561 |   7753 |    808 |   1116 |   4863 |  11 |  778.3 |
       Dungeon |   8291 |   7495 |    796 |   1093 |   4748 |   9 |  921.2 |
        Temple |     59 |     47 |     12 |      0 |     12 |   1 |   59.0 |
         Sewer |    210 |    210 |      0 |     23 |    103 |   1 |  210.0 |
               +--------+--------+--------+--------+--------+-----+--------+

Top non-repeatable levels by time:
     D:3: 1383 daAuts
     D:8: 1167 daAuts
     D:1: 1127 daAuts
     D:6: 1074 daAuts
     D:7: 1066 daAuts
     D:5: 963 daAuts
     D:2: 909 daAuts
     D:4: 487 daAuts
   Sewer: 210 daAuts
     D:9: 111 daAuts
  Temple: 59 daAuts
